 Dungeon Crawl Stone Soup version 0.30-a0-719-gcc4359ea44 (webtiles) character file.

Game seed: 13906425544287002360

36 BigDaddyOpFi the Gusty (level 3, -1/26 HPs)
             Began as a Draconian Air Elementalist on Jan 26, 2023.
             Slain by Terence
             ... wielding a +0 flail
              (6 damage)
             ... on level 2 of the Dungeon.
             The game lasted 00:01:47 (1017 turns).

BigDaddyOpFi the Gusty (Draconian Air Elementalist) Turns: 1017, Time: 00:01:47

Health: -1/26      AC:  5    Str: 12    XL:     3   Next: 19%
Magic:  0/6        EV: 12    Int: 15    God:
Gold:   42         SH:  0    Dex: 11    Spells: 5/6 levels left

rFire   . . .      SeeInvis .    h - +0 war axe
rCold   . . .      Faith    .    f - orb {guile}
rNeg    . . .      Spirit   .    (body armour unavailable)
rPois   .          Reflect  .    (helmet restricted)
rElec   .          Harm     .    (no cloak)
rCorr   .          Rampage  .    (no gloves)
Will    .....                    (no boots)
Stlth   ++                       (no amulet)
HPRegen 0.24/turn                (no ring)
MPRegen 0.10/turn                (no ring)

@: no status effects
A: AC +5, unfitting armour, cold-blooded
a: no special abilities


You were on level 2 of the Dungeon.
You visited 1 branch of the dungeon, and saw 2 of its levels.

You collected 42 gold pieces.

Inventory:

Hand Weapons
 h - a +0 war axe (weapon)
 i - a +2 dagger of draining
Armour
 f - an orb of guile (worn)
Jewellery
 b - an amulet of faith
Scrolls
 c - a scroll of teleportation {unknown}
 d - a scroll of silence {unknown}
 j - a scroll of enchant armour {unknown}
 k - a scroll of fear {unknown}
Potions
 a - a potion of magic
 e - a potion of resistance {unknown}
 g - 2 potions of attraction {unknown}


   Skills:
 - Level 2.0 Dodging
 - Level 2.0 Stealth
 + Level 2.4 Spellcasting
 + Level 1.8 Conjurations
 + Level 3.3 Air Magic


You had 5 spell levels left.
You knew the following spells:

 Your Spells              Type           Power      Damage    Failure   Level
a - Shock                 Conj/Air       36%        1d5       8%          1

Your spell library contained the following spells:

 Spells                   Type           Power      Damage    Failure   Level
 Static Discharge         Conj/Air       18%        2-3/arc   11%         2
 Swiftness                Air            11%        N/A       16%         3
 Airstrike                Air            5%         2d(1-17)  47%         4


Dungeon Overview and Level Annotations

Branches:
Dungeon (2/15)

Altars:

Annotations:
D:2 Terence


Innate Abilities, Weirdness & Mutations

Your plain brown scales are hard. (AC +5)
You cannot fit into any form of body armour.
You are cold-blooded and may be slowed by cold attacks.


Message History

The zap hits Terence.
Terence is lightly wounded.
Terence shouts!
The zap hits Terence.
Terence is lightly wounded.
The zap hits Terence but does no damage.
Terence is lightly wounded.
The zap hits Terence.
Terence is lightly wounded.
The zap hits Terence but does no damage.
Terence is lightly wounded.
The zap hits Terence but does no damage.
Terence is lightly wounded.
You hit Terence.
Terence is moderately wounded.
Terence barely misses you.
You hit Terence but do no damage.
Terence is moderately wounded.
Terence hits you with a +0 flail. Terence misses you.
You barely miss Terence.
Terence is moderately wounded.
Terence barely misses you.
You closely miss Terence.
Terence is moderately wounded.
Terence hits you with a +0 flail! Terence hits you with a +0 flail.
* * * LOW HITPOINT WARNING * * *
You hit Terence.
Terence is heavily wounded.
Terence barely misses you.
You are too injured to fight recklessly!
You are too injured to fight recklessly!
Casting: Shock (safe; 8% risk of failure)
Confirm with . or Enter, or press ? or * to list all spells.
Aiming: Shock (safe; 8% risk of failure)
Press: ? - help, Shift-Dir - straight line, f/p - Terence
Aim: Terence, wielding a +0 flail and wearing a +0 chain mail (heavily wounded, 77% to hit)
The zap hits Terence.
Terence is heavily wounded.
Terence hits you with a +0 flail.
You die...

#<# #...##
#.# #.###
#.###.#
#.....#
#####.# #.#
#.#########.#
#...........#
#....@...#
#.)##@##.#
#).#...#
#........
#........#
#.........#
##.......##
#.......#


You could see Terence.

Vanquished Creatures
  A dart slug (D:1)
  3 ball pythons (D:1)
  3 bats (D:1)
  2 endoplasms (D:1)
  2 giant cockroaches (D:1)
  2 goblins
  5 hobgoblins (D:1)
  3 kobolds
  A quokka (D:1)
  5 frilled lizards (D:1)
  5 rats (D:1)
32 creatures vanquished.

Notes
Turn   | Place    | Note
-------+----------+-------------------------------------------
     0 | D:1      | BigDaddyOpFi the Draconian Air Elementalist began the quest
                  | for the Orb.
     0 | D:1      | Reached XP level 1. HP: 14/14 MP: 3/3
   192 | D:1      | Reached XP level 2. HP: 20/20 MP: 1/5
   725 | D:1      | Reached XP level 3. HP: 26/26 MP: 4/6
  1005 | D:2      | Noticed Terence
  1017 | D:2      | Slain by Terence

Illustrated notes

Levels and vault maps discovered:
D:1:      scummos_arrival_simple_fountains, layout_rooms
D:2:      layout_loops_ring, serial_forest, infiniplex_forest_lined_room_,
          infiniplex_forest_clump_curved, infiniplex_forest_clump_tiny,
          infiniplex_forest_lined_room_, infiniplex_forest_clump_cross,
          shapermc_ecumenical_altar_mp_highgroup, kennysheep_generic_room_3,
          uniq_jessica, uniq_terence, uniq_natasha, uniq_robin

Skill      XL: |  1  2 |
---------------+-------+-----
Stealth        | 2 |  2.0
Dodging        | 2 |  2.0
Spellcasting   | |  2.4
Conjurations   | |  1.8
Air Magic      | |  3.3

Action                     || total
---------------------------++-------
  Melee: Unarmed           ||    50
         Tailslap          ||     1
         War axe           ||     9
   Cast: Shock             ||    54
 Armour: Skin              ||    21
  Dodge: Dodged            ||    65

Table legend: (Time is in decaauts)
 A = Elapsed time spent in this place.
 B = Non-inter-level travel time spent in this place.
 C = Inter-level travel time spent in this place.
 D = Time resting spent in this place.
 E = Time spent auto-exploring this place.
 F = Levels seen in this place.
 G = Mean time per level.
                   A        B        C        D        E       F      G
               +--------+--------+--------+--------+--------+-----+--------+
         Total |   1020 |   1014 |      6 |      0 |    809 |   2 |  510.0 |
       Dungeon |   1020 |   1014 |      6 |      0 |    809 |   2 |  510.0 |
               +--------+--------+--------+--------+--------+-----+--------+

Top non-repeatable levels by time:
     D:1: 940 daAuts
     D:2: 80 daAuts
